 Dungeon Crawl Stone Soup version 0.29-a0-1052-g6990b1bffc (webtiles) character file.

Game seed: 8814053035842386584

103 Masdoran the Vexing (level 4, -1/21 HPs)
             Began as a Spriggan Enchanter on Aug 17, 2022.
             Slain by Grinder (8 damage)
             ... on level 3 of the Dungeon.
             The game lasted 00:04:42 (3195 turns).

Masdoran the Vexing (Spriggan Enchanter)            Turns: 3195, Time: 00:04:43

Health: -1/21      AC:  3    Str:  6    XL:     4   Next: 51%
Magic:  11/11      EV: 17    Int: 16    God:
Gold:   181        SH:  0    Dex: 15    Spells: 10/12 levels left

rFire   . . .      SeeInvis +   a - +2 dagger
rCold   . . .      Faith    .   (no shield)
rNeg    . . .      Spirit   .   b - +0 robe
rPois   .          Reflect  .   (helmet restricted)
rElec   .          Harm     .   e - +0 cloak
rCorr   .          Rampage  .   (gloves unavailable)
Will    .....                   (boots unavailable)
Stlth   +++.......              (no amulet)
HPRegen 0.07/turn               (no ring)
MPRegen 0.12/turn               (no ring)

@: invisible, very quick
A: very small, no large weapons, unfitting armour, see invisible, speed 3
a: no special abilities


You were on level 3 of the Dungeon.
You visited 1 branch of the dungeon, and saw 3 of its levels.

You collected 181 gold pieces.

Inventory:

Hand Weapons
 a - a +2 dagger (weapon)
Armour
 b - a +0 robe (worn)
 e - a +0 cloak (worn)
Scrolls
 h - 4 scrolls of identify
Potions
 c - a potion of invisibility
 d - a potion of flight
 f - a potion of attraction {unknown}
 g - a potion of curing
 i - a potion of cancellation


   Skills:
 - Level 1.1 Short Blades
 - Level 2.6 Dodging
 - Level 4.4 Stealth
 + Level 4.6 Spellcasting
 + Level 5.2 Hexes


You had 10 spell levels left.
You knew the following spells:

 Your Spells              Type           Power      Damage    Failure   Level
a - Ensorcelled Hibernat  Hex/Ice        24%        N/A       9%          2

Your spell library contained the following spells:

 Spells                   Type           Power      Damage    Failure   Level
 Confusing Touch          Hex            20%        N/A       5%          3
 Tukima's Dance           Hex            20%        N/A       5%          3
 Dazzling Flash           Conj/Hex       24%        N/A       16%         3
 Conjure Flame            Conj/Fire      3%         6-21      43%         3
 Ignite Poison            Fire/Tmut/Pois 3%         N/A       43%         3
 Sticky Flame             Conj/Fire      3%         2d3       85%         4


Dungeon Overview and Level Annotations

Branches:
Dungeon (3/15)

Altars:

Shops:
D:1 (

Annotations:
D:3 Grinder


Innate Abilities, Weirdness & Mutations

You are very small and have problems with some larger weapons.
You are too small for most types of armour.
You have supernaturally acute eyesight. (SInv)
You cover ground extremely quickly. (Speed+++)


Message History

There is an open door here.
You now have 171 gold pieces (gained 8).
There is a stone staircase leading down here.
Found an escape hatch in the ceiling.
There is an escape hatch in the ceiling here.
You open the door.
There is an open door here.
f - a scroll labelled RIUMAOSCHER
As you read the scroll labelled RIUMAOSCHER, it crumbles to dust.
A profound silence engulfs you.
It was a scroll of silence.
You now have 181 gold pieces (gained 10).
f - a smoky silvery potion Your hearing returns.
There is a stone staircase leading down here.
You open the door.
h - 4 scrolls of identify (gained 1)
There is an open door here.
There is an open door here.
There is an open door here.
Found a stone staircase leading down.
You open the door.
Grinder comes into view.
Found a faded altar of an unknown god.
Grinder shouts!
There is an open door here.
Casting: Ensorcelled Hibernation (safe; 9% risk of failure)
Confirm with . or Enter, or press ? or * to list all spells.
You don't know that spell.
Unknown command.
Unknown command.
Unknown command.
You fade into invisibility!
You barely miss Grinder. Grinder barely misses you.
You hit Grinder but do no damage. Grinder hits you!
You closely miss Grinder. Grinder closely misses you.
You barely miss Grinder. Grinder misses you.
You completely miss Grinder. Grinder hits you!
* * * LOW HITPOINT WARNING * * *
You hit Grinder but do no damage. Grinder hits you!
You die...

##############
##.............
#####.......## #
##...#.#####.#### ..
#......#8 #....###.#
####.#.8###...###8.....#
........+..._..5@......#
.......8###...###8......>#
..........#8 .......##.#
....#####.#####...'....# #
###.#####.......###....# #
#.##.....#..### ....# #
#.##.###.#..# #####'#+###
# #.##.# #.#..#
#.........# # #.##.#
#>#..# #...).....#


You could see Grinder (unable to see you).

Vanquished Creatures
  An orc priest (D:3)
  A worm (D:2)
  10 orcs (D:3)
  3 ball pythons
  5 endoplasms
  A giant cockroach (D:1)
  7 hobgoblins
  6 jackals
  A quokka (D:1)
  A bat (D:2)
  4 frilled lizards
  7 goblins
  4 kobolds
  4 rats
55 creatures vanquished.

Vanquished Creatures (others)
  7 plants (D:1)
7 creatures vanquished.

Grand Total: 62 creatures vanquished

Notes
Turn   | Place    | Note
-------+----------+-------------------------------------------
     0 | D:1      | Masdoran the Spriggan Enchanter began the quest for the
                  | Orb.
     0 | D:1      | Reached XP level 1. HP: 9/9 MP: 5/5
     5 | D:1      | Found Mytor's Antique Weapon Emporium.
   214 | D:1      | Reached skill level 4 in Hexes
   542 | D:1      | Reached XP level 2. HP: 12/13 MP: 7/7
   554 | D:1      | Learned a level 2 spell: Ensorcelled Hibernation
  1466 | D:2      | Reached XP level 3. HP: 10/16 MP: 9/9
  2213 | D:3      | Reached skill level 5 in Hexes
  2213 | D:3      | Reached XP level 4. HP: 21/21 MP: 8/11
  3187 | D:3      | Found a faded altar of an unknown god.
  3187 | D:3      | Noticed Grinder
  3195 | D:3      | Slain by Grinder

Illustrated notes

Levels and vault maps discovered:
D:1:      minmay_arrival_plants_in_alcoves, layout_rooms, serial_shops, shop
D:2:      layout_rooms
D:3:      layout_basic, nicolae_kikubaaqudgha_miasma_corner,
          dreamdust_ecumenical_altar_angels_and_demons, kennysheep_nub,
          kennysheep_generic_room_8, uniq_grinder

Skill      XL: |  1  2  3 |
---------------+----------+-----
Spellcasting   | 3 4 |  4.6
Hexes          | 4 5 |  5.2
Short Blades   | |  1.1
Dodging        | |  2.6
Stealth        | |  4.4

Action                   |  1- 3 |  4- 6 || total
-------------------------+-------+-------++-------
Melee: Dagger            |   107 |    48 ||   155
 Cast: Ensorcelled Hiber |     7 |    19 ||    26
  Use: Scroll            |     6 |     1 ||     7
       Potion            |       |     2 ||     2
 Stab: Sleeping          |    13 |    10 ||    23
Armor: Robe              |     8 |    11 ||    19
Dodge: Dodged            |    59 |    65 ||   124

Table legend: (Time is in decaauts)
 A = Elapsed time spent in this place.
 B = Non-inter-level travel time spent in this place.
 C = Inter-level travel time spent in this place.
 D = Time resting spent in this place.
 E = Time spent auto-exploring this place.
 F = Levels seen in this place.
 G = Mean time per level.
                   A        B        C        D        E       F      G
               +--------+--------+--------+--------+--------+-----+--------+
         Total |   2673 |   2645 |     28 |    479 |   1777 |   3 |  891.0 |
       Dungeon |   2673 |   2645 |     28 |    479 |   1777 |   3 |  891.0 |
               +--------+--------+--------+--------+--------+-----+--------+

Top non-repeatable levels by time:
     D:1: 1214 daAuts
     D:2: 770 daAuts
     D:3: 689 daAuts
